 Dungeon Crawl Stone Soup version 0.25.1-2-g60ff931df9 (webtiles) character file.

Game seed: 18248210280361292070

22273 Acheron the Cleaver (level 12, -1/73 HPs)
             Began as a Gargoyle Abyssal Knight on Sept 7, 2020.
             Was a High Priest of Lugonu.
             Slain by a spriggan rider
             ... wielding a +2 hand axe of freezing
              (14 damage)
             ... on level 6 of the Lair of Beasts.
             The game lasted 01:30:43 (13444 turns).

Acheron the Cleaver (Gargoyle Abyssal Knight)      Turns: 13444, Time: 01:30:43

Health: -1/73      AC: 25    Str: 25    XL:     12   Next: 98%
Magic:  19/19      EV: 16    Int: 10    God:    Lugonu [*****.]
Gold:   1185       SH: 16    Dex: 11    Spells: 21/21 levels left

rFire    + . .     SeeInvis .   w - +3 war axe (venom)
rCold    . . .     Gourm    .   J - +0 kite shield
rNeg     + . .     Faith    .   t - +7 leather armour "Woroi" {rElec Str+7 Int-4}
rPois    ∞         Spirit   .   (no helmet)
rElec    +         Reflect  +   i - +2 cloak
rCorr    .         Harm     .   h - +0 pair of gloves
MR       .....                  M - +0 pair of boots
Stlth    +++.......             F - amulet of reflection
HPRegen  0.22/turn              G - ring of protection from fire
MPRegen  0.16/turn              C - +4 ring of evasion

@: no status effects
A: negative energy resistance 1, electricity resistance, unbreathing,
petrification resistance, rot immunity, AC +8
a: Depart the Abyss, Bend Space, Banish, Corrupt, Enter the Abyss, Renounce
Religion


You were on level 6 of the Lair of Beasts.
You worshipped Lugonu.
Lugonu was extremely pleased with you.
You were hungry.

You visited 3 branches of the dungeon, and saw 20 of its levels.
You visited the Abyss 1 time.
You also visited: Ossuary.

You collected 1185 gold pieces.

Inventory:

Hand Weapons
 f - a +2 long sword of flaming
 q - the +5 hand axe "Fuvilep" {flame, Fragile rN+ Dex+6}
   (You found it on level 4 of the Dungeon)

   It has been specially enchanted to burn those struck by it, causing extra
   injury to most foes and up to half again as much damage against particularly
   susceptible opponents.
   Big, fiery blades are also staple armaments of hydra-hunters.
   It affects your dexterity (+6).
   It protects you from negative energy.
   It will be destroyed if unequipped.
 w - a +3 war axe of venom (weapon)
 z - a +0 rapier of freezing
 B - a +3 war axe
 V - a +2 rapier of venom
Missiles
 g - 282 stones
 n - a throwing net
 r - 32 poisoned darts
 u - 21 boomerangs (quivered)
 S - 6 silver javelins
 U - 13 sling bullets
Armour
 h - a +0 pair of gloves (worn)
 i - a +2 cloak (worn)
 t - the +7 leather armour "Woroi" (worn) {rElec Str+7 Int-4}
   (You found it on level 5 of the Dungeon)

   It affects your strength (+7).
   It affects your intelligence (-4).
   It insulates you from electricity.
 y - the +2 leather armour of Araedaqe {rElec rN++ rCorr Stlth-}
   (You found it on level 9 of the Dungeon)

   It insulates you from electricity.
   It greatly protects you from negative energy.
   It provides partial protection from all sources of acid and corrosion.
   It makes you less stealthy.
 D - +4 swamp dragon scales
 J - a +0 kite shield (worn)
 M - a +0 pair of boots (worn)
 T - a +4 ring mail of cold resistance
Jewellery
 d - an uncursed amulet of reflection
 j - an uncursed ring of fire
 m - an uncursed amulet of regeneration
 C - a +4 ring of evasion (right hand)
 F - an amulet of reflection (around neck)
 G - a ring of protection from fire (left hand)
 N - an uncursed amulet of guardian spirit
Wands
 b - a wand of flame (27)
 k - a wand of iceblast (9)
 x - a wand of polymorph (9)
 H - a wand of acid (15)
 K - a wand of enslavement (3)
Scrolls
 a - 5 scrolls of remove curse
 l - 3 scrolls of amnesia
 Q - a scroll of immolation
 R - 2 scrolls of fog
 W - a scroll of identify
Potions
 o - 5 potions of cancellation
 p - 4 potions of curing
 s - 2 potions of stabbing
 v - 2 potions of berserk rage
 A - 2 potions of brilliance
 E - a potion of mutation
 I - a potion of lignification
Comestibles
 c - 33 rations
 O - 12 chunks of flesh


   Skills:
 * Level 7.7 Fighting
 * Level 10.3 Axes
 * Level 5.3 Throwing
 * Level 7.1 Armour
 * Level 5.4 Dodging
 * Level 6.8 Stealth
 * Level 7.0 Shields
 * Level 5.2 Spellcasting
 * Level 7.0 Invocations
 * Level 5.1 Evocations


You had 21 spell levels left.
You didn't know any spells.
Your spell library was empty.

Dungeon Overview and Level Annotations

Branches:
Dungeon (13/15)            Temple (1/1) D:6            Lair (6/6) D:11
 Spider (0/4) Lair:2      Ossuary (visited)
  Swamp: Lair:2-4    Shoals: Lair:2-4     Slime: Lair:5-6       Orc: D:9-12
 Vaults: D:13-14

Altars:
Ashenzari
Cheibriados
Dithmenos
Elyvilon
Fedhas
Gozag
Hepliaklqana
Kikubaaqudgha
Makhleb
Nemelex Xobeh
Okawaru
Qazlal
Ru
Sif Muna
Trog
Uskayaw
Vehumet
Wu Jian
Xom
Yredelemnul
Zin
The Shining One

Shops:
D:7 (

Annotations:
D:1 exclusion: downstairs
D:3 exclusion: 2 downstairs
D:4 3 runed translucent doors, Grinder; harness's ghost, amateur DsTm
D:7 exclusion: upstairs
D:10 exclusion: downstairs
D:12 exclusion: downstairs
Lair:1 exclusion: upstairs
Lair:2 exclusion: downstairs
Lair:3 Sonja
Lair:5 exclusion: downstairs


Innate Abilities, Weirdness & Mutations

You are resistant to torment.
Your stone body is resilient. (AC +8)
You are immune to poison.
You resist negative energy. (rN+)
You are resistant to electric shocks. (rElec)
You can survive without breathing.
You are immune to petrification.
You are immune to rotting.


Message History

You feel better.
The spriggan rider hits you but does no damage.
You slash the spriggan rider!
The spriggan rider is poisoned.
The spriggan rider is heavily wounded.
The spriggan rider hits you with a +2 hand axe of freezing!
* * * LOW HITPOINT WARNING * * *
The spriggan rider freezes you.
* * * LOW HITPOINT WARNING * * *
You feel better. You block the spriggan rider's attack.
You completely miss the spriggan rider.
The spriggan rider is heavily wounded.
The spriggan rider hits you but does no damage.
You closely miss the spriggan rider.
The spriggan rider is heavily wounded.
The spriggan rider hits you but does no damage.
Unknown command.
You miss the spriggan rider.
The spriggan rider is heavily wounded.
The spriggan rider hits you with a +2 hand axe of freezing!
You die...

P...P.#..^...#............
.....#....P.#.i.PPP......
...#.$..P.....%P[#......
........))......#####...
.........###...## ##..
........## #..÷.♣ ♣..
..♣......# #i.).# ♣♣♣
♣♣♣..i####.i%#♣ ♣♣.@♣
#...%.♣ ♣♣♣♣ #.†%...♣
#...(.♣. .......♣
.....♣♣i...♣ ♣♣♣♣ ♣♣♣...
.[


You could see a spriggan rider (resistant, very poisoned).

Vanquished Creatures
  Urug (Lair:1)
  A skeletal warrior (D:12)
  An ugly thing (D:11)
  A cyclops (D:13)
  A manticore (D:13)
  4 black mambas
  2 centaur zombies
  Maggie (D:6)
  A centaur skeleton (D:11)
  2 spiny frogs
  3 polar bears
  3 komodo dragons
  4 trolls
  Prince Ribbit (D:6)
  A hornet (Lair:6)
  5 blink frogs (Lair:6)
  A hippogriff (shapeshifter) (D:12)
  8 hippogriffs
  2 spriggans (Lair:6)
  A wyvern (Lair:5)
  6 yaks
  4 hogs (D:9)
  Sigmund (D:6)
  A human (D:9)
  Eustachio (D:6)
  A steam dragon (D:11)
  2 vampire mosquitoes (D:12)
  12 water moccasins
  7 porcupines
  A black bear (D:11)
  7 orc warriors
  2 sky beasts
  2 ice beasts
  2 phantoms
  A boggart (Lair:6)
  11 wolves
  An ogre (D:11)
  2 centaurs
  5 crocodiles
  2 big kobolds
  11 bullfrogs
  A water moccasin zombie (D:7)
  A hornet simulacrum (D:13)
  2 wyvern skeletons
  3 scorpions
  12 killer bees
  2 howler monkeys
  3 crimson imps
  A bullfrog zombie (D:11)
  A human zombie (Ossuary)
  5 jellies
  7 orc wizards
  8 orc priests
  5 hounds
  A bullfrog skeleton (D:8)
  3 iguanas
  9 worker ants
  2 big kobold zombies (Ossuary)
  A hound zombie (Ossuary)
  A hound skeleton (D:4)
  3 mummies (Ossuary)
  11 adders
  4 gnolls (D:4)
  3 shadow imps
  2 oozes
  3 worms
  An adder zombie (Ossuary)
  A dart slug (D:3)
  5 leopard geckos
  31 orcs
  2 ball pythons
  6 giant cockroaches
  2 gnoll zombies (Ossuary)
  8 goblins
  9 hobgoblins
  7 jackals
  12 kobolds
  3 quokkas
  6 bats
  5 frilled lizards
  A giant cockroach zombie (D:5)
  A hobgoblin zombie (Ossuary)
  2 jackal zombies (Ossuary)
  A leopard gecko skeleton (D:7)
  An orc zombie (Ossuary)
  9 rats
  A rat zombie (Ossuary)
  2 plants (Lair:6)
336 creatures vanquished.

Vanquished Creatures (collateral kills)
  2 polar bears (Lair:1)
2 creatures vanquished.

Vanquished Creatures (others)
  A hydra (Lair:5)
  A two-headed ogre (D:11)
  A gargoyle (D:13)
  A dream sheep (Lair:6)
  4 fungi
  2 plants (Lair:1)
  3 toadstools (D:3)
13 creatures vanquished.

Grand Total: 351 creatures vanquished

Notes
Turn   | Place    | Note
-------+----------+-------------------------------------------
     0 | Abyss:1  | Acheron the Gargoyle Abyssal Knight began the quest for the
                  | Orb.
     0 | Abyss:1  | Reached XP level 1. HP: 14/14 MP: 2/2
    49 | Abyss:1  | Noticed a ynoxinul
    60 | D:1      | Escaped the Abyss
   435 | D:1      | Reached skill level 2 in Axes
   444 | D:1      | Reached XP level 2. HP: 19/19 MP: 3/3
   766 | D:1      | Reached skill level 1 in Dodging
   959 | D:1      | Reached XP level 3. HP: 23/23 MP: 4/4
  1208 | D:3      | Reached ** piety under Lugonu
  1327 | D:3      | Found a basalt altar of Yredelemnul.
  1545 | D:2      | Reached XP level 4. HP: 27/29 MP: 4/6
  2235 | D:2      | Reached skill level 1 in Stealth
  2235 | D:2      | Reached XP level 5. HP: 33/33 MP: 7/7
  2472 | D:3      | Reached *** piety under Lugonu
  2560 | D:3      | Found a sparkling altar of Nemelex Xobeh.
  2743 | D:3      | Found a white marble altar of Elyvilon.
  2852 | D:4      | Reached skill level 1 in Throwing
  2868 | D:4      | Noticed Grinder
  3102 | D:4      | Reached skill level 3 in Axes
  3102 | D:4      | Reached skill level 1 in Spellcasting
  3102 | D:4      | Reached XP level 6. HP: 27/38 MP: 8/8
  3200 | D:5      | Entered Level 5 of the Dungeon
  3225 | D:5      | Found a glowing golden altar of the Shining One.
  3244 | D:5      | Found Huggiokh's Magic Scroll Boutique.
  3444 | D:5      | Found a glowing silver altar of Zin.
  3444 | D:5      | Found an opulent altar of Gozag.
  3470 | D:5      | Found a shadowy altar of Dithmenos.
  3616 | D:5      | Found a sand-covered staircase.
  3623 | Ossuary  | Entered an ossuary
  3731 | Ossuary  | Reached XP level 7. HP: 16/43 MP: 9/9
  4180 | D:5      | Reached **** piety under Lugonu
  4212 | D:5      | Got an ichor-stained leather armour
  4222 | D:5      | Reached skill level 1 in Evocations
  4245 | D:5      | Identified the +7 leather armour "Woroi" {rElec Str+7
                  | Int-4} (You found it on level 5 of the Dungeon)
  4563 | D:6      | Reached skill level 4 in Axes
  4607 | D:6      | Noticed Maggie
  4779 | D:6      | You fall into a shaft and drop 1 floor!
  4880 | D:7      | Found a shimmering altar of Xom.
  4880 | D:7      | Found a shimmering blue altar of Sif Muna.
  5110 | D:7      | Found Powi's Antique Weapon Emporium.
  5267 | D:6      | Noticed Sigmund
  5308 | D:6      | Reached XP level 8. HP: 44/48 MP: 10/10
  5354 | D:6      | Noticed Eustachio
  5416 | D:6      | Found a bloodstained altar of Trog.
  5466 | D:6      | Noticed Prince Ribbit
  5467 | D:6      | Reached skill level 5 in Axes
  5480 | D:6      | Killed Eustachio
  5512 | D:6      | Killed Prince Ribbit
  5512 | D:6      | Reached skill level 1 in Shields
  5565 | D:6      | Reached skill level 5 in Fighting
  5796 | D:4      | Paralysed by Grinder for 6 turns
  6264 | D:4      | Reached XP level 9. HP: 49/54 MP: 12/12
  6359 | D:4      | Found a runed translucent gate.
  6360 | D:4      | Found a runed translucent gate.
  6361 | D:4      | Found a runed translucent gate.
  6363 | D:4      | Noticed harness's ghost (amateur DsTm)
  6367 | D:4      | Got a slimy hand axe
  6368 | D:4      | Identified the +5 hand axe "Fuvilep" {flame, Fragile rN+
                  | Dex+6} (You found it on level 4 of the Dungeon)
  6544 | D:6      | Found a staircase to the Ecumenical Temple.
  6551 | Temple   | Entered the Ecumenical Temple
  6557 | Temple   | Reached skill level 6 in Axes
  6829 | D:6      | Killed Maggie
  6951 | D:6      | Killed Sigmund
  7328 | D:8      | Found a sacrificial altar of Ru.
  7587 | D:8      | Found a radiant altar of Vehumet.
  7703 | D:8      | Reached skill level 7 in Axes
  7703 | D:8      | Reached skill level 5 in Armour
  7703 | D:8      | Reached XP level 10. HP: 40/60 MP: 14/14
  8289 | D:9      | Found a shattered altar of Ashenzari.
  8351 | D:10     | Entered Level 10 of the Dungeon
  8526 | D:9      | Found a hide-covered altar of Uskayaw.
  8532 | D:9      | Noticed a +0 dagger
  8532 | D:9      | Noticed a +0 dagger
  8660 | D:9      | Reached skill level 5 in Invocations
  8699 | D:9      | Got a scorched leather armour
  8700 | D:9      | Identified the +2 leather armour of Araedaqe {rElec rN++
                  | rCorr Stlth-} (You found it on level 9 of the Dungeon)
  8777 | D:9      | Reached ***** piety under Lugonu
  9274 | D:11     | Reached skill level 8 in Axes
  9533 | D:11     | Noticed a skeletal warrior
  9534 | D:11     | Noticed a skeletal warrior
  9534 | D:11     | Noticed a skeletal warrior
  9594 | D:12     | Killed a skeletal warrior
  9594 | D:12     | Reached skill level 5 in Stealth
  9594 | D:12     | Reached XP level 11. HP: 66/66 MP: 16/16
  9806 | D:11     | Noticed a cyan ugly thing
  9821 | D:11     | Killed a cyan ugly thing
  9883 | D:11     | Noticed a two-headed ogre
  9884 | D:11     | Noticed a white ugly thing
  9897 | D:11     | Banished a white ugly thing
 10321 | D:11     | You fall into a shaft and drop 2 floors!
 10322 | D:13     | Noticed a manticore
 10322 | D:13     | Noticed a cyclops
 10326 | D:13     | Killed a manticore
 10337 | D:13     | Noticed a tengu warrior
 10337 | D:13     | Killed a cyclops
 10337 | D:13     | Noticed a cyclops
 10342 | D:13     | Noticed a manticore
 10358 | D:12     | Reached skill level 5 in Shields
 10437 | D:11     | Noticed a skeletal warrior
 10439 | D:11     | Noticed a skeletal warrior
 10446 | D:11     | HP: 1/66 [skeletal warrior/+3 trident (18)]
 10787 | D:11     | Reached skill level 9 in Axes
 11059 | D:11     | Found a staircase to the Lair.
 11059 | D:11     | Noticed a death yak
 11138 | Lair:1   | Entered Level 1 of the Lair of Beasts
 11279 | Lair:2   | Found a hole to the Spider Nest.
 11279 | Lair:2   | Noticed a wolf spider
 11532 | Lair:3   | Noticed Sonja
 11544 | Lair:2   | Reached XP level 12. HP: 63/72 MP: 18/18
 11999 | Lair:1   | Noticed Urug
 12184 | Lair:1   | Killed Urug
 12184 | Lair:1   | Reached skill level 5 in Dodging
 12645 | Lair:6   | Entered Level 6 of the Lair of Beasts
 12828 | Lair:5   | Reached skill level 5 in Throwing
 13101 | Lair:5   | Noticed an eight-headed hydra
 13110 | Lair:5   | Banished an eight-headed hydra
 13110 | Lair:5   | Reached skill level 10 in Axes
 13110 | Lair:5   | Reached skill level 5 in Spellcasting
 13246 | Lair:6   | Noticed an eight-headed hydra
 13314 | Lair:6   | Reached skill level 5 in Evocations
 13428 | Lair:6   | Noticed a spriggan rider
 13440 | Lair:6   | HP: 3/73 [spriggan rider/+2 hand axe of freezing (12)]
 13444 | Lair:6   | Slain by a spriggan rider

Illustrated notes

Levels and vault maps discovered:
D:1:      dpeg_arrival_signposts, layout_loops_cross
D:2:      layout_basic
D:3:      layout_rooms, kennysheep_ying_yang, nemelex_xobeh_ov_fountains_minmay,
          minmay_gold_behind_fungi, minmay_liquid_box, minmay_misc_feat_chi,
          serial_bayou_lake_a
D:4:      layout_loops_ring, gammafunk_ghost_nasty_kobolds,
          lexackson_kobold_supper, uniq_grinder
D:5:      layout_cave_pods, grunt_temple_overflow_gold_and_silver,
          nicolae_dithmenos_the_darkroom, nicolae_tso_swordbearing_angel,
          first_ration, serial_shops, shop, enter_ossuary_3, chequers_garden
D:6:      layout_loops_ring, minmay_temple_entry_glassed_door,
          chequers_serial_rivers_micro_e, bloody_trog, uniq_maggie,
          uniq_prince_ribbit1, uniq_sigmund, uniq_eustachio
D:7:      layout_loops_ring, gammafunk_temple_overflow_statue, serial_shops,
          shop
D:8:      layout_rooms, lemuel_doored_altar, lemuel_round_altar
D:9:      layout_roguey, nicolae_ashenzari_panopticon, dancing_weapons_uskayaw,
          grunt_livestock
D:10:     layout_cross
D:11:     layout_stronghold, david_lair_generic
D:12:     minmay_shoctagon, layout_loops_ring, orc_0_dummy,
          nicolae_trove_entry_path_of_doom, serial_shops, shop, minivault_26
D:13:     minmay_cut_squares, layout_gridville, uniq_jorgrun
Temple:   compressed_dpeg_triangle_lava_temple
Lair:1:   layout_gridlike, portal_ice_cave_entry_pillars_2,
          cheibrodos_lair_lostbears, uniq_urug
Lair:2:   layout_cave_pods, spider_nest_entry_rubble, grunt_megastairs_4
Lair:3:   layout_chaotic_city, uniq_sonja
Lair:4:   layout_hall_layers, elwin_shoals_entry_stream
Lair:5:   layout_long_grid, kennysheep_rathole, lemuel_fruit_fields
Lair:6:   minmay_lair_end_enchanted_forest, layout_gridlike, slime_altar_1,
          pond, grunt_megastairs_2

Skill      XL: |  1  2  3  4  5  6  7  8  9 10 11 12 |
---------------+-------------------------------------+-----
Axes           | 2 3 4 5 7 8 9 10 | 10.3
Dodging        | 1 2 3 4 5 |  5.4
Armour         | 3 4 5 6 7 |  7.1
Stealth        | 1 2 3 4 5 6 |  6.8
Throwing       | 1 2 3 4 5 |  5.3
Spellcasting   | 1 2 3 4 5 |  5.2
Invocations    | 3 4 5 6 7 |  7.0
Fighting       | 4 5 6 7 |  7.7
Evocations     | 1 2 3 4 5 |  5.1
Shields        | 1 3 4 5 7 |  7.0

Action                   |  1- 3 |  4- 6 |  7- 9 | 10-12 || total
-------------------------+-------+-------+-------+-------++-------
Melee: Hand axe          |   111 |       |       |       ||   111
       War axe           |     1 |   154 |   317 |   658 ||  1130
Throw: Boomerang         |       |     5 |    10 |     1 ||    16
       Dart              |       |       |     9 |    13 ||    22
Invok: Banish            |       |       |       |     9 ||     9
       Bend Space        |       |       |       |     4 ||     4
Evoke: Wand              |       |       |     6 |    10 ||    16
  Use: Scroll            |     2 |     4 |    11 |    16 ||    33
       Potion            |       |     6 |       |     9 ||    15
 Stab: Sleeping          |       |       |     4 |    11 ||    15
  Eat: Chunk             |     2 |     7 |     8 |    10 ||    27
       Ration            |       |       |     2 |     3 ||     5
Armor: Leather armour    |    41 |       |   127 |   347 ||   515
       Ring mail         |    22 |    55 |       |       ||    77
       Scale mail        |       |    44 |     2 |       ||    46
       Skin              |       |       |     1 |       ||     1
Dodge: Dodged            |    83 |   104 |   190 |   468 ||   845
Block: Other             |       |    13 |    43 |       ||    56
       Kite shield       |       |       |    30 |   501 ||   531
       Tower shield      |       |       |    30 |       ||    30
       Reflection        |       |       |       |     2 ||     2
